 Dungeon Crawl Stone Soup version 0.29.1-12-g30fa7ad0bf (webtiles) character file.

Game seed: 16926247647113021921

79 Descartes the Sneak (level 4, -3/21 HPs)
             Began as a Spriggan Fire Elementalist on Jan 7, 2023.
             Constricted to death by Robin (5 damage)
             ... on level 2 of the Dungeon.
             The game lasted 00:03:08 (2294 turns).

Descartes the Sneak (Spriggan Fire Elementalist)    Turns: 2294, Time: 00:03:09

Health: -3/21      AC:  2    Str:  4    XL:     4   Next: 17%
Magic:  9/9        EV: 14    Int: 18    God:
Gold:   64         SH:  0    Dex: 15    Spells: 8/9 levels left

rFire   . . .      SeeInvis +   h - staff of conjuration
rCold   . . .      Faith    .   (shield currently unavailable)
rNeg    . . .      Spirit   .   a - +0 robe
rPois   .          Reflect  .   (helmet restricted)
rElec   .          Harm     .   (no cloak)
rCorr   +          Rampage  .   (gloves unavailable)
Will    .....                   (boots unavailable)
Stlth   ++........              (no amulet)
HPRegen 0.07/turn               e - ring of resist corrosion
MPRegen 0.11/turn               (no ring)

@: grasped by roots, constricted, very quick
A: very small, no large weapons, unfitting armour, see invisible, speed 3
a: no special abilities


You were on level 2 of the Dungeon.
You visited 1 branch of the dungeon, and saw 2 of its levels.

You collected 64 gold pieces.

Inventory:

Hand Weapons
 g - a +0 dagger
 m - a +1 dagger of speed
Armour
 a - a +0 robe (worn)
Magical Staves
 h - a staff of conjuration (weapon)
Jewellery
 e - a ring of resist corrosion (left hand)
Scrolls
 d - 2 scrolls of fog {unknown}
 f - a scroll of torment {unknown}
 i - a scroll of silence {unknown}
 k - a scroll of identify {unknown}
 l - a scroll of enchant armour {unknown}
Potions
 b - 2 potions of magic
 c - a potion of curing {unknown}
 j - 2 potions of brilliance {unknown}


   Skills:
 - Level 0.4 Short Blades
 + Level 3.1 Dodging
 + Level 3.6 Stealth
 + Level 3.1 Spellcasting
 + Level 1.1 Conjurations
 * Level 3.0 Fire Magic
 + Level 1.0 Poison Magic
 + Level 1.3 Evocations


You had 8 spell levels left.
You knew the following spells:

 Your Spells              Type           Power      Damage    Failure   Level
a - Foxfire               Conj/Fire      60%        2x1d7     7%          1

Your spell library contained the following spells:

 Spells                   Type           Power      Damage    Failure   Level
 Scorch                   Fire           26%        2d6       7%          2
 Conjure Flame            Conj/Fire      15%        6-21      21%         3
 Inner Flame              Hex/Fire       8%         N/A       26%         3
 Flame Wave               Conj/Fire      15%        2d7       56%         4


Dungeon Overview and Level Annotations

Branches:
Dungeon (2/15)

Altars:
Dithmenos

Annotations:
D:2 Robin


Innate Abilities, Weirdness & Mutations

You are very small and have problems with some larger weapons.
You are too small for most types of armour.
You have supernaturally acute eyesight. (SInv)
You cover ground extremely quickly. (Speed+++)


Message History

Robin, a hobgoblin and 3 goblins come into view.
Robin is wielding a +0 short sword and carrying a wand of roots (3).
The goblin shouts! x3; Robin shouts!
The hobgoblin shouts!
Robin throws the goblin at you! The goblin barely misses you.
You see here a +1 dagger of speed.
m - a +1 dagger of speed The goblin misses you.
The goblin hits you but does no damage.
You closely miss the goblin. The goblin hits you with a +0 club.
The goblin hits you but does no damage.
You closely miss the goblin. The goblin hits you but does no damage.
The goblin closely misses you.
You hit the goblin.
The goblin is severely wounded.
The goblin hits you but does no damage.
Robin roars a battlecry!
The goblins go into a battle-frenzy!
The goblin closely misses you. The goblin hits you with a +0 club. x2
You hit the goblin.
You blast the goblin.
You kill the goblin!
You hit the goblin but do no damage. Robin throws the goblin at you!
The goblin closely misses you. x2
You hit the goblin.
The goblin is severely wounded.
The goblin hits you with a +0 club. The goblin closely misses you.
You barely miss the goblin.
The goblin is severely wounded.
Robin zaps a wand.
The roots erupt in riotous growth!
The goblin is unaffected. x2
Robin is unaffected.
The grasping roots grab you! The grasping roots constrict you.
The goblin hits you but does no damage. The goblin hits you with a +0 club.
* * * LOW HITPOINT WARNING * * *
Casting: Foxfire (safe; 7% risk of failure)
Confirm with . or Enter, or press ? or * to list all spells.
You feel a surge of power!
There is not enough space to conjure foxfire!
You barely miss the goblin.
The goblin is severely wounded.
The grasping roots constrict you.
You die...

# #)# #.### # #.# #.#
#...## # #.# #.#
##.#.####### # #.#### #.#
#.###....... # #....##
#.# ##.#.#######
###.....# #g# #.<########
........# #g# #..........
###.....########g#
#.######### #
##...........g@# #.# #
##.############ #.# # #.#
#.# #.# #)# #.# #.#
#####.########### #.#
.....#..........# #.#
#####.#########.#######.#
.....)# #....#†..)....#


You could see Robin, a hobgoblin (strong) and 2 goblins.

Vanquished Creatures
  3 gnolls (D:2)
  An adder (D:2)
  2 worms (D:2)
  A dart slug (D:1)
  4 endoplasms
  2 giant cockroaches
  7 goblins
  2 hobgoblins (D:1)
  3 kobolds (D:1)
  3 ball pythons
  4 bats
  A frilled lizard (D:1)
  A rat (D:2)
34 creatures vanquished.

Vanquished Creatures (others)
  138 foxfires
  4 plants (D:2)
142 creatures vanquished.

Grand Total: 176 creatures vanquished

Notes
Turn   | Place    | Note
-------+----------+-------------------------------------------
     0 | D:1      | Descartes the Spriggan Fire Elementalist began the quest
                  | for the Orb.
     0 | D:1      | Reached XP level 1. HP: 9/9 MP: 5/5
   363 | D:1      | Reached XP level 2. HP: 13/13 MP: 2/6
   503 | D:1      | Found a faded altar of an unknown god.
  1638 | D:2      | Found a shadowy altar of Dithmenos.
  1646 | D:2      | Reached skill level 1 in Conjurations
  1646 | D:2      | Reached skill level 1 in Evocations
  1646 | D:2      | Reached XP level 3. HP: 16/16 MP: 0/8
  2143 | D:2      | Reached skill level 1 in Poison Magic
  2150 | D:2      | Reached XP level 4. HP: 21/21 MP: 1/9
  2284 | D:2      | Noticed Robin
  2294 | D:2      | Constricted to death by Robin

Illustrated notes

Levels and vault maps discovered:
D:1:      ebering_hopf_link, layout_basic, hellmonk_ecumenical_altar_zigzags,
          chequers_serial_rivers_small_a
D:2:      layout_loops_ring, basic_altar, serial_bayou_crossing, uniq_robin,
          uniq_crazy_yiuf_cottage

Skill      XL: |  1  2  3 |
---------------+----------+-----
Dodging        | 3 |  3.1
Spellcasting   | 3 |  3.1
Conjurations   | 1 |  1.1
Evocations     | 1 |  1.3
Poison Magic   | 1 |  1.0
Fire Magic     | 3 |  3.0
Short Blades   | |  0.4
Stealth        | |  3.6

Action                   |  1- 3 |  4- 6 || total
-------------------------+-------+-------++-------
Melee: Unarmed           |     1 |       ||     1
       Staff             |    11 |     8 ||    19
 Cast: Foxfire           |    81 |     4 ||    85
Armor: Robe              |     4 |     7 ||    11
Dodge: Dodged            |    12 |     7 ||    19
